 Dungeon Crawl Stone Soup version 0.30.0-20-g3b4254fcbd (webtiles) character file.

Game seed: 4684490365519247456

80 Revguard the Trooper (level 4, -11/39 HPs)
             Began as a Ghoul Fighter on June 2, 2023.
             Killed by divine providence
             ... invoked by an orc priest
              (14 damage)
             ... on level 2 of the Dungeon.
             The game lasted 00:04:22 (1248 turns).

Revguard the Trooper (Ghoul Fighter)                Turns: 1248, Time: 00:04:23

Health: -11/39     AC:  7    Str: 19    XL:     4   Next: 39%
Magic:  4/4        EV:  9    Int:  3    God:
Gold:   56         SH:  4    Dex: 10    Spells: 3/3 levels left

rFire   . . .        a - +0 war axe
rCold   + . .        c - +0 buckler
rNeg    + + +        b - +0 scale mail
rPois   ∞            (no helmet)
rElec   .            (no cloak)
rCorr   .            h - +0 pair of gloves
SInv    .            (no boots)
Will    .....        (no amulet) Stlth
                     (no ring)
HPRegen 0.00/turn    (no ring)
MPRegen 0.09/turn

%: no passive effects
@: mighty, inhibited regen
A: claws 1, cold resistance 1, negative energy resistance 3, inhibited
regeneration, torment resistance 2, devour on kill
a: no special abilities


You were on level 2 of the Dungeon.
You visited 1 branch of the dungeon, and saw 2 of its levels.

You collected 56 gold pieces.

Inventory:

Hand Weapons
 a - a +0 war axe (weapon)
Armour
 b - a +0 scale mail (worn)
 c - a +0 buckler (worn)
 h - a +0 pair of gloves (worn)
Scrolls
 e - 6 scrolls of identify {unknown}
 f - a scroll of enchant weapon {unknown}
 g - a scroll of fear {unknown}
 i - a scroll of torment {unknown}
 j - a scroll of teleportation {unknown}
 k - a scroll of enchant armour {unknown}
 m - a scroll of immolation {unknown}
 n - a scroll of amnesia {unknown}


   Skills:
 + Level 3.6 Fighting
 + Level 2.1 Axes
 + Level 3.0 Armour
 + Level 1.1 Dodging
 + Level 3.0 Shields
 + Level 1.4 Invocations
 + Level 1.1 Evocations


You had 3 spell levels left.
You didn't know any spells.
Your spell library was empty.

Dungeon Overview and Level Annotations

Branches:
Dungeon (2/15)

Altars:


Innate Abilities, Weirdness & Mutations

You are immune to poison.
You have sharp fingernails.
Your flesh is cold resistant. (rC+)
You are immune to negative energy. (rN+++)
You do not regenerate when monsters are visible.
You are immune to unholy pain and torment.
You thrive by killing the living.


Message History

You closely miss the orc priest.
The orc priest hits you but does no damage.
You closely miss the orc priest. The orc priest completely misses you.
You closely miss the orc priest. You block the orc priest's attack.
The orc priest invokes the aid of Beogh against you.
Beogh smites you!
You hit the orc priest but do no damage.
The orc priest closely misses you.
You barely miss the orc priest.
The orc priest hits you with a +0 whip. x2
You closely miss the orc priest.
The orc priest hits you but does no damage.
You barely miss the orc priest. The orc priest completely misses you.
You closely miss the orc. You block the orc's attack.
You closely miss the orc. The orc closely misses you.
You block the orc's attack.
You closely miss the orc. The orc barely misses you.
You hit the orc.
The orc is heavily wounded.
The orc priest calls down the wrath of Beogh upon you.
Beogh smites you!
* * * LOW HITPOINT WARNING * * *
You block the orc's attack.
The orc priest invokes the aid of Beogh against you.
Beogh smites you!
* * * LOW HITPOINT WARNING * * *
It was a potion of lignification.
You feel woody for a moment. The orc closely misses you.
You feel very mighty all of a sudden. The orc hits you but does no damage.
You barely miss the orc.
The orc is heavily wounded.
You block the orc's attack.
You hit the orc.
You kill the orc!
You hit the orc.
The orc is moderately wounded.
The orc closely misses you. Something hits you but does no damage.
The orc priest calls down the wrath of Beogh upon you.
Beogh smites you!
You die...

###....#.## #.. ...
#........# #.# #.#
#.....##.# #.# #.#
#.....##.# #.# #.#
##.....##.# #.# #.#
.†.###.##.####.# #.#
######.........###.#
.......#.##.....o.o#
##..............@#{#
#####.##.#.######.#
#............ #.#
##.###....#.#.(. .o#
##.<##.####.# ##..o#
.#..##.# #.. .....#
##†.##.# ........
##.....# #....#...#
##.######......#...#


You could see an orc priest and an orc.

Vanquished Creatures
  2 adders (D:2)
  A worm (D:2)
  A dart slug (D:1)
  An orc (D:2)
  7 ball pythons (D:1)
  8 bats
  3 endoplasms
  4 giant cockroaches
  7 goblins
  A hobgoblin (D:2)
  2 jackals (D:2)
  5 kobolds
  2 quokkas (D:2)
  A frilled lizard (D:1)
  6 rats
51 creatures vanquished.

Notes
Turn   | Place    | Note
-------+----------+-------------------------------------------
     0 | D:1      | Revguard the Ghoul Fighter began the quest for the Orb.
     0 | D:1      | Reached XP level 1. HP: 19/19 MP: 0/0
   119 | D:1      | Reached XP level 2. HP: 26/26 MP: 1/1
   207 | D:1      | Found a faded altar of an unknown god.
   436 | D:1      | Reached XP level 3. HP: 29/31 MP: 2/2
   932 | D:2      | Reached skill level 1 in Invocations
  1098 | D:2      | Reached skill level 1 in Dodging
  1098 | D:2      | Reached XP level 4. HP: 38/38 MP: 3/3
  1172 | D:2      | Reached skill level 1 in Evocations
  1248 | D:2      | Killed from afar by an orc priest

Illustrated notes

Levels and vault maps discovered:
D:1:      dpeg_arrival_boxes_within_box, layout_basic,
          nicolae_ecumenical_snake_handling
D:2:      layout_basic, dreamdust_mushroom_princess

Skill      XL: |  1  2  3  4 |
---------------+-------------+-----
Axes           | 2 |  2.1
Invocations    | 1 |  1.4
Shields        | 3 |  3.0
Armour         | 3 |  3.0
Dodging        | 1 |  1.1
Evocations     | 1 |  1.1
Fighting       | |  3.6

Action                     |  1- 3 |  4- 6 || total
---------------------------+-------+-------++-------
  Melee: War axe           |   113 |    46 ||   159
    Use: Potion            |       |     2 ||     2
 Armour: Scale mail        |    73 |    23 ||    96
  Dodge: Dodged            |    86 |    22 ||   108
  Block: Buckler           |    23 |    14 ||    37
